 Dungeon Crawl Stone Soup version 0.29.0-4-gdea44cf6ec (webtiles) character file.

Game seed: 2849886688431540352

1521 qw the Chopper (level 8, -4/60 HPs)
             Began as a Demonspawn Cinder Acolyte on Sept 9, 2022.
             Was a Priest of Ignis.
             Slain by a gnoll sergeant
             ... wielding a +1 spear of venom
              (5 damage)
             ... on level 5 of the Dungeon.
             The game lasted 00:02:21 (6531 turns).

qw the Chopper (Demonspawn Cinder Acolyte)          Turns: 6531, Time: 00:02:21

Health: -4/60      AC: 20    Str: 17    XL:     8   Next: 54%
Magic:  9/9        EV:  5    Int: 16    God:    Ignis [***...]
Gold:   148        SH:  8    Dex:  8    Spells: 9/9 levels left

rFire   + + .      SeeInvis .   Y - +0 war axe
rCold   . . .      Faith    .   k - +0 kite shield
rNeg    + . .      Spirit   .   l - +0 chain mail
rPois   .          Reflect  .   i - +0 helmet
rElec   +          Harm     .   (no cloak)
rCorr   .          Rampage  .   (no gloves)
Will    +....                   (no boots)
Stlth   ..........              (no amulet)
HPRegen 0.20/turn               a - ring "Niysch" {+Blink rElec rF+ Will+}
MPRegen 0.11/turn               m - ring of positive energy

@: lethally poisoned (-4 -> -12), fiery-armoured
A: molten scales 2, demonic guardian 1, ignite blood 1, weakness stinger 1
a: Renounce Religion, Evoke Blink, Fiery Armour, Foxfire Swarm, Rising Flame


You were on level 5 of the Dungeon.
You worshipped Ignis.
Ignis was most pleased with you.
You visited 1 branch of the dungeon, and saw 5 of its levels.

You collected 211 gold pieces.
You spent 63 gold pieces at shops.


Innate Abilities, Weirdness & Mutations

You are mostly covered in molten scales. (AC +3)
A weak demonic guardian rushes to your aid.
Your demonic aura sometimes causes spilled blood to erupt in flames.
You have a small tail.


   Skills:
 - Level 4.1 Fighting
 + Level 7.0 Axes
 - Level 1.2 Throwing
 - Level 2.6 Armour
 - Level 1.0 Dodging
 - Level 5.7 Shields
 - Level 1.0 Spellcasting
 - Level 2.6 Fire Magic


You had 9 spell levels left.
You didn't know any spells.
Your spell library contained the following spells:

 Spells                   Type           Power      Damage    Failure   Level
 Scorch                   Fire           18%        2d5       99%         2

Inventory:

Hand Weapons
 j - a -1 hand axe of flaming
 Y - a +0 war axe (weapon)
Missiles
 v - 2 boomerangs (quivered)
Armour
 i - a +0 helmet (worn)
 k - a +0 kite shield (worn)
 l - a +0 chain mail (worn)
Jewellery
 a - the ring "Niysch" (left hand) {+Blink rElec rF+ Will+}
   (You acquired it on level 1 of the Dungeon)

   [ring of protection from fire]

   rF:        It protects you from fire.
   rElec:     It insulates you from electricity.
   +Blink:    It lets you blink.
   Will:      It increases your willpower.
 e - a ring of ice
 m - a ring of positive energy (right hand)
Scrolls
 r - a scroll of noise {unknown}
 t - 4 scrolls of identify
Potions
 b - a potion of ambrosia {unknown}
 c - a potion of might {unknown}
 d - a potion of magic {unknown}
 f - 2 potions of resistance {unknown}
 g - a potion of haste {unknown}
 h - 2 potions of curing
 n - a potion of flight {unknown}
 o - a potion of lignification {unknown}
 p - a potion of attraction {unknown}
 q - a potion of mutation {unknown}
 s - a potion of cancellation {unknown}

Dungeon Overview and Level Annotations

Branches:
Dungeon (5/15)
 Temple: D:4-7

Altars:

Shops:
D:3 (


Message History

You are more poisoned.
The gnoll hits you with a +0 club. You block the gnoll sergeant's attack.
The gnoll barely misses you.
You slash the gnoll!
The gnoll is almost dead.
You hit the gnoll sergeant.
You feel very sick. You block the gnoll sergeant's attack.
The gnoll is engulfed in blazing flames.
You kill the gnoll!
You closely miss the gnoll sergeant.
The gnoll sergeant is lightly wounded.
You feel very sick.
The gnoll sergeant hits you with a +1 spear of venom.
You are more poisoned.
6528 ||| INVOKING Fiery Armour.
A protective cloak of flame settles atop you.
You feel very sick. You block the gnoll sergeant's attack.
You hit the gnoll sergeant.
The gnoll sergeant is moderately wounded.
You feel very sick.
The gnoll sergeant hits you with a +1 spear of venom!
A demonic guardian appears!
You are lethally poisoned!
The gnoll sergeant is burned by your cloak of flames.
The gnoll sergeant is heavily wounded.
You block the gnoll sergeant's attack.
You hit the gnoll sergeant but do no damage.
The gnoll sergeant is heavily wounded.
You feel very sick. You block the gnoll sergeant's attack.
You hit the gnoll sergeant but do no damage.
Your tail-slap misses the gnoll sergeant.
The gnoll sergeant is heavily wounded.
You feel very sick.
Your ufetubus disappears in a puff of smoke!
The gnoll sergeant completely misses you.
The gnoll sergeant hits you with a +1 spear of venom.
You die...

#.###..#.###.........#
###..#.............# #
#....########.####.# #.
#.#.##.# #.####.# #.
#.#.##.# #.##...## #.
#......###### #.......#
#. ###.####....(
#..#.#..#######. ####.#
#....g##....[..........
##.##.#
#....5@ยค..#............
#.#...#
#....)#)..#..#.........
##.####
#.....#...#..#.######.#
#.# #######........#
#.## #.# #.###..### #.#
#.####### #.# #..# #.##
#.......#######.###..#
##.#
#####......#.........#
##. #.#.##.#.....##.##
##.


You could see a gnoll sergeant (ally target) and a friendly iron imp (summoned).

Vanquished Creatures
  Pikel (D:4)
  Sigmund (D:4)
  Eustachio (D:4)
  An ice beast (D:4)
  An ogre (D:5)
  A phantom (D:5)
  A necrophage (D:5)
  A hound (D:5)
  An orc priest (D:4)
  3 iguanas
  2 orc wizards
  8 gnolls
  7 adders
  2 ufetubi
  A worm (D:3)
  2 dart slugs
  11 orcs
  5 ball pythons
  5 endoplasms
  A giant cockroach (D:1)
  10 goblins
  6 hobgoblins
  6 jackals
  5 quokkas
  3 bats
  3 frilled lizards (D:3)
  8 kobolds
  10 rats
107 creatures vanquished.

Vanquished Creatures (collateral kills)
  A gnoll (D:5)
1 creature vanquished.

Grand Total: 108 creatures vanquished

Notes
Turn   | Place    | Note
-------+----------+-------------------------------------------
     0 | D:1      | qw the Demonspawn Cinder Acolyte began the quest for the
                  | Orb.
     0 | D:1      | Reached XP level 1. HP: 18/18 MP: 2/2
     0 | D:1      | 0 ||| qw: Version: 0.1-a-113-g051387a
     0 | D:1      | 0 ||| qw: Game counter: 7313
     0 | D:1      | 0 ||| qw: Always use a shield: true
     0 | D:1      | 0 ||| qw: God list: Okawaru
     0 | D:1      | 0 ||| qw: Allow faded altars: false
     0 | D:1      | 0 ||| qw: Do Orc after D:15 true
     0 | D:1      | 0 ||| qw: Do second Lair branch before Depths: true
     0 | D:1      | 0 ||| qw: Lair rune preference: random
     0 | D:1      | 0 ||| qw: Plans: Normal
     0 | D:1      | 0 ||| PLANNING D:1-11
   105 | D:1      | Reached skill level 3 in Axes
   105 | D:1      | Gained mutation: You are partially covered in molten
                  | scales. (AC +2) [demonic ancestry]
   105 | D:1      | Reached XP level 2. HP: 24/24 MP: 3/3
   150 | D:1      | Found a faded altar of an unknown god.
   480 | D:1      | 480 ||| Stepping randomly (stuck).
   481 | D:1      | 481 ||| Stepping randomly (stuck).
   482 | D:1      | 482 ||| Stepping randomly (stuck).
   483 | D:1      | 483 ||| Stepping randomly (stuck).
   493 | D:1      | Gained mutation: Your demonic aura sometimes causes spilled
                  | blood to erupt in flames. [demonic ancestry]
   493 | D:1      | Reached XP level 3. HP: 25/29 MP: 4/4
   718 | D:1      | 718 ||| INVOKING Fiery Armour.
   720 | D:1      | Reached skill level 4 in Axes
  1051 | D:1      | 1051 ||| UPGRADING to +0 scale mail.
  1061 | D:1      | 1061 ||| DROPPING +0 robe.
  1062 | D:1      | 1062 ||| READING scroll labelled BOORRI BAOREI.
  1062 | D:1      | Identified a scroll of acquirement
  1062 | D:1      | 1062 ||| ACQUIRING ring "Niysch" {+Blink rElec rF+ Will+}
  1062 | D:1      | Acquired the ring "Niysch" {+Blink rElec rF+ Will+}
  1064 | D:1      | 1064 ||| UPGRADING to ring "Niysch" {+Blink rElec rF+
                  | Will+}.
  1065 | D:1      | 1065 ||| READING scroll labelled KIOLYO FERPHEMM.
  1228 | D:2      | 1228 ||| INVOKING Fiery Armour.
  1234 | D:2      | Reached skill level 1 in Armour
  1796 | D:2      | 1796 ||| Stepping ~*~*~tactically~*~*~ (stealth).
  1851 | D:2      | 1851 ||| Stepping ~*~*~tactically~*~*~ (hiding).
  1855 | D:2      | 1855 ||| INVOKING Fiery Armour.
  1858 | D:2      | 1858 ||| FLEEEEING.
  1859 | D:2      | 1859 ||| FLEEEEING.
  1863 | D:2      | Reached XP level 4. HP: 28/35 MP: 5/5
  1866 | D:2      | HP: 4/35 [gnoll/+0 spear (5)]
  2276 | D:2      | 2276 ||| UPGRADING to +0 helmet.
  2281 | D:2      | 2281 ||| UPGRADING to +0 kite shield.
  2286 | D:2      | 2286 ||| READING scroll labelled MEMOHOSMYUKH.
  2287 | D:2      | 2287 ||| READING scroll labelled INLOUBUCLIE.
  2288 | D:2      | 2288 ||| READING scroll labelled YRAIMOXEYSAZ.
  2398 | D:3      | 2398 ||| Stepping ~*~*~tactically~*~*~ (hiding).
  2454 | D:3      | Reached skill level 1 in Shields
  2629 | D:3      | Identified the +7 whip "Iruiqit" {elec, Will++}
  2751 | D:3      | Gained mutation: A weak demonic guardian rushes to your
                  | aid. [demonic ancestry]
  2751 | D:3      | Reached XP level 5. HP: 41/41 MP: 6/6
  2849 | D:3      | Found Doegh's Antique Weapon Emporium.
  2861 | D:3      | 2861 ||| BUYING war axe (63 gold).
  2861 | D:3      | Bought a war axe for 63 gold pieces
  2861 | D:3      | 2861 ||| SWAPPING to +0 war axe.
  3058 | D:3      | 3058 ||| FLEEEEING.
  3059 | D:3      | 3059 ||| FLEEEEING.
  3060 | D:3      | 3060 ||| FLEEEEING.
  3061 | D:3      | 3061 ||| FLEEEEING.
  3062 | D:3      | 3062 ||| FLEEEEING.
  3063 | D:3      | 3063 ||| FLEEEEING.
  3064 | D:3      | 3064 ||| FLEEEEING.
  3065 | D:3      | 3065 ||| FLEEEEING.
  3066 | D:3      | 3066 ||| FLEEEEING.
  3067 | D:3      | 3067 ||| FLEEEEING.
  3068 | D:3      | 3068 ||| FLEEEEING.
  3069 | D:3      | 3069 ||| FLEEEEING.
  3070 | D:3      | 3070 ||| FLEEEEING.
  3071 | D:3      | 3071 ||| FLEEEEING.
  3072 | D:3      | 3072 ||| FLEEEEING.
  3073 | D:3      | 3073 ||| FLEEEEING.
  3074 | D:3      | 3074 ||| FLEEEEING.
  3075 | D:3      | 3075 ||| FLEEEEING.
  3076 | D:3      | 3076 ||| FLEEEEING.
  3077 | D:3      | 3077 ||| FLEEEEING.
  3078 | D:3      | 3078 ||| FLEEEEING.
  3079 | D:3      | 3079 ||| FLEEEEING.
  3080 | D:3      | 3080 ||| FLEEEEING.
  3081 | D:3      | 3081 ||| FLEEEEING.
  3082 | D:3      | 3082 ||| FLEEEEING.
  3151 | D:3      | 3151 ||| Stepping ~*~*~tactically~*~*~ (stealth).
  3156 | D:3      | 3156 ||| Stepping ~*~*~tactically~*~*~ (stealth).
  3187 | D:3      | 3187 ||| FLEEEEING.
  3316 | D:3      | 3316 ||| Stepping ~*~*~tactically~*~*~ (stealth).
  3422 | D:3      | 3422 ||| READING scroll labelled ZEOJOSTRIEH.
  3423 | D:3      | 3423 ||| READING scroll labelled NOUXZEZANU.
  3567 | D:3      | 3567 ||| DRINKING 4 cyan potions.
  3774 | D:4      | 3774 ||| Stepping ~*~*~tactically~*~*~ (stealth).
  3777 | D:4      | 3777 ||| Stepping ~*~*~tactically~*~*~ (hiding).
  3781 | D:4      | Noticed Pikel
  3782 | D:4      | 3782 ||| INVOKING Fiery Armour.
  3787 | D:4      | Noticed a lemure
  3789 | D:4      | Noticed a lemure
  3790 | D:4      | Reached skill level 1 in Throwing
  3790 | D:4      | Noticed a lemure
  3792 | D:4      | Noticed a lemure
  3795 | D:4      | Killed Pikel
  3796 | D:4      | Gained mutation: You are mostly covered in molten scales.
                  | (AC +3) [demonic ancestry]
  3796 | D:4      | Reached XP level 6. HP: 25/47 MP: 7/7
  3796 | D:4      | Reached XP level 7. HP: 28/52 MP: 8/8
  3796 | D:4      | 3796 ||| FLEEEEING.
  3797 | D:4      | 3797 ||| FLEEEEING.
  3798 | D:4      | 3798 ||| FLEEEEING.
  3799 | D:4      | 3799 ||| FLEEEEING.
  3800 | D:4      | 3800 ||| FLEEEEING.
  3801 | D:4      | 3801 ||| FLEEEEING.
  3802 | D:4      | 3802 ||| FLEEEEING.
  3803 | D:4      | 3803 ||| FLEEEEING.
  3805 | D:4      | 3805 ||| FLEEEEING.
  3806 | D:4      | 3806 ||| FLEEEEING.
  3807 | D:4      | 3807 ||| FLEEEEING.
  3809 | D:4      | 3809 ||| FLEEEEING.
  3810 | D:4      | 3810 ||| FLEEEEING.
  3812 | D:4      | 3812 ||| FLEEEEING.
  3813 | D:4      | 3813 ||| FLEEEEING.
  3814 | D:4      | 3814 ||| FLEEEEING.
  3815 | D:4      | 3815 ||| FLEEEEING.
  3816 | D:4      | 3816 ||| FLEEEEING.
  3817 | D:4      | 3817 ||| FLEEEEING.
  3818 | D:4      | 3818 ||| FLEEEEING.
  3821 | D:4      | 3821 ||| FLEEEEING.
  3822 | D:4      | 3822 ||| FLEEEEING.
  3823 | D:4      | 3823 ||| STAIRDANCE
  3937 | D:4      | 3937 ||| STAIRDANCE
  4055 | D:4      | 4055 ||| Stepping ~*~*~tactically~*~*~ (hiding).
  4157 | D:4      | Reached skill level 5 in Axes
  4249 | D:4      | 4249 ||| FLEEEEING.
  4554 | D:4      | Identified the +6 trident of World Downfall {distort, Str+4
                  | Int+4}
  4636 | D:4      | Noticed Eustachio
  4666 | D:4      | 4666 ||| INVOKING Fiery Armour.
  4732 | D:4      | HP: 13/52 [quasit[Eustachio] (2)]
  4733 | D:4      | 4733 ||| READING scroll of teleportation.
  4735 | D:4      | HP: 4/52 [shadow imp/nerve-wracking pain[Eustachio] (4)]
  5228 | D:4      | 5228 ||| FLEEEEING.
  5229 | D:4      | 5229 ||| FLEEEEING.
  5230 | D:4      | 5230 ||| FLEEEEING.
  5231 | D:4      | 5231 ||| FLEEEEING.
  5232 | D:4      | 5232 ||| FLEEEEING.
  5233 | D:4      | 5233 ||| FLEEEEING.
  5234 | D:4      | 5234 ||| FLEEEEING.
  5236 | D:4      | 5236 ||| FLEEEEING.
  5237 | D:4      | 5237 ||| FLEEEEING.
  5238 | D:4      | 5238 ||| FLEEEEING.
  5239 | D:4      | 5239 ||| FLEEEEING.
  5240 | D:4      | 5240 ||| FLEEEEING.
  5241 | D:4      | 5241 ||| FLEEEEING.
  5242 | D:4      | 5242 ||| FLEEEEING.
  5243 | D:4      | 5243 ||| FLEEEEING.
  5244 | D:4      | 5244 ||| FLEEEEING.
  5254 | D:4      | 5254 ||| FLEEEEING.
  5255 | D:4      | 5255 ||| FLEEEEING.
  5260 | D:4      | 5260 ||| STAIRDANCE
  5345 | D:3      | 5345 ||| UPGRADING to ring of positive energy.
  5346 | D:3      | 5346 ||| READING scroll labelled BEXTEGOMAE.
  5449 | D:4      | 5449 ||| STAIRDANCE
  5459 | D:3      | 5459 ||| DRINKING 3 potions of curing.
  5459 | D:3      | 5459 ||| (to cure confusion)
  5682 | D:4      | Noticed Sigmund
  5684 | D:4      | 5684 ||| Stepping ~*~*~tactically~*~*~ (hiding).
  5688 | D:4      | 5688 ||| Stepping ~*~*~tactically~*~*~ (stealth).
  5698 | D:4      | Killed Sigmund
  5699 | D:4      | Reached skill level 6 in Axes
  5699 | D:4      | Gained mutation: You have a small tail. [demonic ancestry]
  5699 | D:4      | Reached XP level 8. HP: 50/58 MP: 9/9
  5699 | D:4      | 5699 ||| FLEEEEING.
  5700 | D:4      | 5700 ||| FLEEEEING.
  5701 | D:4      | 5701 ||| FLEEEEING.
  5704 | D:4      | Reached skill level 1 in Dodging
  5847 | D:4      | Killed Eustachio
  5966 | D:4      | 5966 ||| UPGRADING to +0 chain mail.
  5976 | D:4      | 5976 ||| DROPPING +0 scale mail.
  6012 | D:5      | Entered Level 5 of the Dungeon
  6515 | D:5      | 6515 ||| Stepping ~*~*~tactically~*~*~ (stealth).
  6524 | D:5      | Reached skill level 7 in Axes
  6528 | D:5      | 6528 ||| INVOKING Fiery Armour.
  6529 | D:5      | HP: 11/60 [gnoll sergeant/+1 spear of venom (8)]
  6531 | D:5      | HP: 1/60 [poisoned by a gnoll sergeant]
  6531 | D:5      | Slain by a gnoll sergeant

Levels and vault maps discovered:
D:1:      kilobyte_arrival_exit_the_forest, layout_rooms,
          hellmonk_ecumenical_altar_inner_sanctum, chequers_garden,
          feat_on_display
D:2:      layout_loops_ring
D:3:      minmay_octagon_keep, layout_loops_ring, serial_shops, shop,
          nicolae_elevator_lobby_asterisk
D:4:      layout_basic, minmay_tree_intersection, hex_intersection, uniq_pikel,
          uniq_eustachio, uniq_sigmund
D:5:      layout_loops_cross

Skill      XL: |  1  2  3  4  5  6  7  8 |
---------------+-------------------------+-----
Axes           | 3 4 6 7 |  7.0
Armour         | 1 2 |  2.6
Shields        | 1 5 |  5.7
Throwing       | 1 |  1.2
Dodging        | 1 |  1.0
Fighting       | 4 |  4.1
Spellcasting   | |  1.0
Fire Magic     | |  2.6

Action                   |  1- 3 |  4- 6 |  7- 9 || total
-------------------------+-------+-------+-------++-------
Melee: Hand axe          |    91 |    59 |       ||   150
       Punch             |     2 |       |       ||     2
       War axe           |       |    80 |   210 ||   290
       Unarmed           |       |       |    18 ||    18
       Tailslap          |       |       |     6 ||     6
Throw: Javelin           |       |     4 |    20 ||    24
       Boomerang         |       |       |     4 ||     4
Invok: Fiery Armour      |     3 |     1 |     2 ||     6
  Use: Scroll            |     2 |     5 |     2 ||     9
       Potion            |       |     1 |     1 ||     2
Armor: Robe              |    15 |       |       ||    15
       Scale mail        |    15 |    72 |    75 ||   162
       Skin              |       |       |    15 ||    15
       Chain mail        |       |       |    24 ||    24
Dodge: Dodged            |    48 |    44 |    60 ||   152
Block: Kite shield       |       |    45 |    92 ||   137

Table legend:
 A = Non-vault XP
 B = Vault XP
 C = Vault XP percentage of total XP
 D = Non-vault monster count
 E = Vault monster count
 F = Vault count percentage of total count
                 A         B        C        D         E       F
            +---------+---------+-------+---------+---------+-------
      Total |    1075 |    1099 |  50.6 |      94 |      14 |  13.0
            +---------+---------+-------+---------+---------+-------
        D:1 |      52 |       0 |   0.0 |      21 |       0 |   0.0
        D:2 |      87 |       0 |   0.0 |      14 |       0 |   0.0
        D:3 |     109 |      29 |  21.0 |      22 |      11 |  33.3
        D:4 |     330 |    1070 |  76.4 |      25 |       3 |  10.7
        D:5 |     497 |       0 |   0.0 |      12 |       0 |   0.0
            +---------+---------+-------+---------+---------+-------
